 Dungeon Crawl Stone Soup version 0.29-a0-25-g7f48f510a0 (webtiles) character file.

Game seed: 3122225072556276717

353 Snarg the Stinger (level 6, -4/52 HPs)
             Began as a Demigod Wanderer on Feb 1, 2022.
             Slain by Duvessa (5 damage)
             ... on level 5 of the Dungeon.
             The game lasted 00:20:39 (5251 turns).

Snarg the Stinger (Demigod Wanderer)                Turns: 5251, Time: 00:20:40

Health: -4/52      AC:  7    Str: 21    XL:     6   Next: 12%
Magic:  11/11      EV: 11    Int: 18    God:
Gold:   60         SH:  0    Dex:  9    Spells: 5/9 levels left

rFire   . . .      SeeInvis .   a - +1 spear
rCold   . . .      Faith    .   (no shield)
rNeg    . . .      Spirit   .   b - +0 leather armour
rPois   .          Reflect  .   (no helmet)
rElec   .          Harm     .   j - +0 cloak
rCorr   .          Rampage  .   H - +2 pair of gloves
Will    .....                   (no boots)
Stlth   +.........              y - amulet of magic regeneration
HPRegen 0.17/turn               (no ring)
MPRegen 0.52/turn               (no ring)

@: mighty
A: high MP 1, forlorn, divine attributes
a: no special abilities


You were on level 5 of the Dungeon.
You visited 1 branch of the dungeon, and saw 5 of its levels.

You collected 190 gold pieces.
You spent 130 gold pieces at shops.

Inventory:

Hand Weapons
 a - a +1 spear (weapon)
 d - a +0 quarterstaff
 h - a +0 dagger
 s - a +2 hunting sling of flaming
Missiles
 i - 170 stones
Armour
 b - a +0 leather armour (worn)
 c - a +0 ring mail
 j - a +0 cloak (worn)
 H - a +2 pair of gloves (worn)
Jewellery
 y - an amulet of magic regeneration (around neck)
 D - a ring of ice
Wands
 z - a wand of iceblast (10)
 B - a wand of mindburst (16)
Scrolls
 l - 2 scrolls of identify {unknown}
 o - 2 scrolls of teleportation {unknown}
 p - 2 scrolls of blinking {unknown}
 t - 2 scrolls of enchant weapon {unknown}
 u - a scroll of magic mapping {unknown}
 w - a scroll of summoning {unknown}
 x - a scroll of brand weapon {unknown}
 A - a scroll of acquirement {unknown}
 F - a scroll of noise {unknown}
 G - a scroll of fear {unknown}
Potions
 e - a potion of berserk rage {unknown}
 f - 2 potions of cancellation {unknown}
 g - a potion of heal wounds
 k - a potion of flight {unknown}
 m - a potion of resistance
 n - 2 potions of mutation {unknown}
 q - 2 potions of curing
 r - a potion of attraction {unknown}
 v - a potion of brilliance {unknown}
 E - 2 potions of lignification {unknown}


   Skills:
 + Level 3.8 Fighting
 + Level 2.3 Polearms
 + Level 2.1 Armour
 - Level 1.0 Dodging
 - Level 2.0 Stealth
 - Level 2.0 Spellcasting
 * Level 1.5 Conjurations
 - Level 1.0 Transmutations
 * Level 1.3 Air Magic
 - Level 4.1 Poison Magic


You had 5 spell levels left.
You knew the following spells:

 Your Spells              Type           Power      Damage    Failure   Level
a - Sting                 Tmut/Pois      44%        1d5       8%          1
b - Mephitic Cloud        Conj/Pois/Air  10%        N/A       24%         3

Your spell library contained the following spells:

 Spells                   Type           Power      Damage    Failure   Level
 Poisonous Vapours        Pois/Air       22%        N/A       10%         2
 Magic Dart               Conj           28%        1d4       11%         1
 Call Imp                 Summ           1%         N/A       30%         2
 Conjure Flame            Conj/Fire      4%         6-21      41%         3
 Haunt                    Necr/Summ      0%         N/A       100%        7
 Summon Horrible Things   Summ           0%         N/A       100%        8
 Chain Lightning          Conj/Air       3%         3d4       100%        9
 Fire Storm               Conj/Fire      2%         8d1       100%        9
 Shatter                  Erth           0%         3d5*      100%        9


Dungeon Overview and Level Annotations

Branches:
Dungeon (5/15)
 Temple: D:4-7

Shops:
D:1 !   D:4 *

Annotations:
D:1 clr
D:2 clr
D:3 clr
D:4 rtrn, exclusion: water moccasin
D:5 Duvessa, Grinder


Innate Abilities, Weirdness & Mutations

You have an increased reservoir of magic. (+10% MP)
You shall have no god before yourself.
Your divine heritage dramatically boosts your attributes as you level up.


Message History

You have reached level 6!
Your experience leads to a dramatic increase in your attributes!
Increase (S)trength, (I)ntelligence, or (D)exterity?
You feel clever. x4
The sting hits Duvessa but does no damage.
Duvessa is poisoned.
Duvessa is moderately wounded.
Duvessa closely misses you.
Duvessa hits you with a +0 short sword! x2
Duvessa misses you. Duvessa hits you with a +0 short sword.
Your magical contamination has completely faded away.
You feel much better. Duvessa hits you but does no damage.
Duvessa barely misses you.
Duvessa rages.
Casting: Sting (safe; 8% risk of failure)
Confirm with . or Enter, or press ? or * to list all spells.
Aiming: Sting (safe; 8% risk of failure)
Press: ? - help, Shift-Dir - straight line, f/p - Duvessa
Aim: Duvessa, wielding a +0 short sword and wearing a +0 ring mail (heavily wounded, berserk, poisoned, 79% to hit)
The sting hits Duvessa but does no damage.
Duvessa looks even sicker.
Duvessa is heavily wounded.
Duvessa hits you with a +0 short sword. Duvessa hits you with a +0 short sword!
You hit Duvessa.
Duvessa is heavily wounded.
Duvessa hits you with a +0 short sword!
Unknown command.
Duvessa hits you with a +0 short sword.
Things that are here:
a +0 giant spiked club; an iguana corpse Duvessa rages.
Duvessa hits you with a +0 short sword!
* * * LOW HITPOINT WARNING * * *
You barely miss Duvessa.
Duvessa is heavily wounded.
Duvessa hits you with a +0 short sword!
* * * LOW HITPOINT WARNING * * *
Duvessa hits you with a +0 short sword.
You die...

#...##...##.......##
#...##.).##.......#
#...##.⌠.##.......
##....##'####.....#
#...............#
##...########....#
#..)## ##...## #..e#
##...## #..@# ##....
##..## #.... ##..##
##.## ##..## ####
##..#######..##
##...##<.....#
##..........[#
########....# ######
<...


You could see Duvessa (berserk, poisoned).

Vanquished Creatures
  An ogre (D:5)
  Dowan (D:5)
  A hound (D:4)
  Ijyb (D:3)
  An iguana (D:5)
  A hound skeleton (D:4)
  2 adders (D:2)
  A shadow imp (D:5)
  An ufetubus (D:5)
  2 worms (D:2)
  3 dart slugs
  7 orcs
  10 ball pythons
  4 bats
  A bat skeleton (D:2)
  6 endoplasms
  2 giant cockroaches (D:1)
  10 goblins
  6 hobgoblins
  3 jackals (D:3)
  A quokka (D:2)
  2 frilled lizards
  9 kobolds
  6 rats
82 creatures vanquished.

Notes
Turn   | Place    | Note
-------+----------+-------------------------------------------
     0 | D:1      | Snarg the Demigod Wanderer began the quest for the Orb.
     0 | D:1      | Snarg set off with the following items: a +1 spear, a +0
                  | leather armour; and the following spell memorised: Sting;
                  | and the following spells available to memorise: Poisonous
                  | Vapours, Mephitic Cloud
     0 | D:1      | Reached XP level 1. HP: 19/19 MP: 4/4
   287 | D:1      | Found Wolaf's Distillery.
   306 | D:1      | Reached XP level 2. HP: 27/27 MP: 1/5
   312 | D:1      | Bought a potion of degeneration for 10 gold pieces
   381 | D:1      | Reached skill level 4 in Poison Magic
  1059 | D:2      | Reached skill level 1 in Transmutations
  1119 | D:2      | Reached skill level 1 in Stealth
  1119 | D:2      | Reached XP level 3. HP: 33/33 MP: 4/7
  1442 | D:2      | Got the Grimoire of Conjuration and Summoning
  1552 | D:2      | Identified the +1 robe "Raetaad" {Fly MP-9 Int+2}
  1724 | D:2      | Reached skill level 1 in Armour
  2615 | D:3      | Reached XP level 4. HP: 40/40 MP: 3/8
  2909 | D:3      | Noticed Ijyb
  2947 | D:3      | HP: 2/40 [goblin (2)]
  2948 | D:3      | Killed Ijyb
  3433 | D:1      | Bought a potion of might for 40 gold pieces
  3433 | D:1      | Bought a potion of heal wounds for 50 gold pieces
  3433 | D:1      | Bought a potion of curing for 30 gold pieces
  3492 | D:4      | Noticed a water moccasin
  3526 | D:4      | Learned a level 3 spell: Mephitic Cloud
  3636 | D:4      | Found Koeblato's Fire Supplies.
  3940 | D:4      | Reached XP level 5. HP: 26/46 MP: 10/10
  4869 | D:5      | Entered Level 5 of the Dungeon
  4930 | D:5      | Noticed Grinder
  5042 | D:5      | Noticed an ogre
  5050 | D:5      | Killed an ogre
  5051 | D:5      | Reached skill level 1 in Conjurations
  5051 | D:5      | Reached skill level 1 in Air Magic
  5233 | D:5      | Noticed Duvessa
  5233 | D:5      | Noticed Dowan
  5237 | D:5      | Killed Dowan
  5238 | D:5      | Reached skill level 1 in Dodging
  5238 | D:5      | Reached XP level 6. HP: 45/52 MP: 11/11
  5251 | D:5      | HP: 1/52 [Duvessa (13)]
  5251 | D:5      | Slain by Duvessa

Illustrated notes

Levels and vault maps discovered:
D:1:      tarquinn_simple_flora_water_a, layout_basic, serial_shops, shop,
          shapermc_ecumenical_altar_mp_highgroup
D:2:      layout_basic, grunt_ministairs_3, grunt_decor_resistance,
          kennysheep_minor_cross, glass_columns_a
D:3:      kennysheep_goblin_castle, layout_rooms, mrwooster_statue_mirror,
          minmay_diced_spiral
D:4:      layout_basic, marbit_many_paths, mainiacjoe_overflow_alcove_2,
          lemuel_doored_altar, serial_co_window_serial, co_window_corner_a,
          co_window_of_opportunity_a, co_window_of_opportunity_a,
          co_window_paths_a, co_window_paths_a, co_window_corner_cb,
          co_window_corner_b, co_window_2corner, co_window_corner_b,
          co_window_4corner_b, co_window_4corner_a, glass_columns_b,
          glass_columns_a, nicolae_shop_fire_sale [nicolae_sub_dead_trees]
D:5:      layout_layer_cave, mainiacjoe_overflow_surrounded_room,
          grunt_decor_arrowhead, uniq_grinder, uniq_duvessa

Skill      XL: |  1  2  3  4  5 |
---------------+----------------+-----
Poison Magic   | 4 |  4.1
Transmutations | 1 |  1.0
Stealth        | 1 2 |  2.0
Armour         | 1 2 |  2.1
Polearms       | 2 |  2.3
Spellcasting   | 2 |  2.0
Conjurations   | 1 |  1.5
Air Magic      | 1 |  1.3
Dodging        | 1 |  1.0
Fighting       | |  3.8

Action                   |  1- 3 |  4- 6 || total
-------------------------+-------+-------++-------
Melee: Spear             |   108 |    90 ||   198
Throw: Stone             |       |     2 ||     2
 Cast: Sting             |    52 |    39 ||    91
Evoke: Wand              |       |     3 ||     3
  Use: Potion            |       |     3 ||     3
 Stab: Sleeping          |     2 |     3 ||     5
Armor: Leather armour    |    41 |    28 ||    69
Dodge: Dodged            |    66 |    55 ||   121

Table legend: (Time is in decaauts)
 A = Elapsed time spent in this place.
 B = Non-inter-level travel time spent in this place.
 C = Inter-level travel time spent in this place.
 D = Time resting spent in this place.
 E = Time spent auto-exploring this place.
 F = Levels seen in this place.
 G = Mean time per level.
                   A        B        C        D        E       F      G
               +--------+--------+--------+--------+--------+-----+--------+
         Total |   5264 |   4816 |    448 |    580 |   3148 |   5 | 1052.8 |
       Dungeon |   5264 |   4816 |    448 |    580 |   3148 |   5 | 1052.8 |
               +--------+--------+--------+--------+--------+-----+--------+

Top non-repeatable levels by time:
     D:4: 1422 daAuts
     D:3: 1353 daAuts
     D:2: 1195 daAuts
     D:1: 979 daAuts
     D:5: 314 daAuts
